 Dungeon Crawl Stone Soup version 0.30-a0-557-ge2afbf3030 (webtiles) character file.

Game seed: 12995673048459765987

203557 jfcaron the End of an Era (level 17, -6/126 HPs)
             Began as a Demonspawn Monk on Dec 28, 2022.
             Was the Champion of Qazlal.
             Killed from afar by a guardian serpent (20 damage)
             ... with a bolt of poison
             ... on level 4 of the Snake Pit.
             The game lasted 01:34:14 (49941 turns).

jfcaron the End of an Era (Demonspawn Monk)        Turns: 49941, Time: 01:34:14

Health: -6/126     AC: 34    Str: 20    XL:     17   Next: 98%
Magic:  3/30       EV: 13    Int: 11    God:    Qazlal [******]
Gold:   3058       SH: 21    Dex: 16    Spells: 16/16 levels left

rFire   + + .      SeeInvis .    a - +7 broad axe (heavy)
rCold   . . .      Faith    .    Y - +1 kite shield {rC+}
rNeg    . . .      Spirit   .    r - +4 plate armour
rPois   .          Reflect  .    w - +2 hat
rElec   .          Harm     .    A - +1 cloak
rCorr   .          Rampage  +    g - +3 Mad Mage's Maulers {Infuse+∞ VampMP -Cast}
Will    +....      NoCast   +    v - +1 pair of boots {rampage} Stlth
                                 O - amulet of the acrobat
HPRegen 0.41/turn                p - +4 ring of evasion
MPRegen 0.22/turn                d - ring of fire

@: lethally poisoned (-6 -> -14), protected from fire, repel missiles
A: claws 1, molten scales 2, ignite blood 3, powered by pain 1
}: 1/15 runes: decaying
a: Renounce Religion, Upheaval, Elemental Force, Disaster Area


You were on level 4 of the Snake Pit.
You worshipped Qazlal.
Qazlal was exalted by your worship.
You visited 6 branches of the dungeon, and saw 31 of its levels.
You also visited: Ice Cave.

You collected 4002 gold pieces.
You spent 944 gold pieces at shops.

Inventory:

Hand Weapons
 a - a +7 heavy broad axe (weapon)
   (You acquired it on level 7 of the Dungeon)
 b - a +2 eveningstar of draining
   (You found it on level 5 of the Lair of Beasts)
Missiles
 q - 5 throwing nets {!f}
 t - 3 boomerangs
 u - 6 boomerangs of dispersal {!f}
 B - 31 poisoned darts (quivered)
 V - 7 curare-tipped darts {!f}
Armour
 g - the +3 Mad Mage's Maulers (worn) {Infuse+∞ VampMP -Cast}
   (You acquired it on level 7 of the Dungeon)

   It empowers its wearer's blows with all of their magic.
   Blows struck in melee replenish the wearer's magic.
   -Cast:     It prevents spellcasting.
 r - a +4 plate armour (worn)
 v - a +1 pair of boots of rampaging (worn)
   (You found it on level 3 of the Dungeon)
 w - a +2 hat (worn)
 A - a +1 cloak (worn)
 Y - a +1 kite shield of cold resistance (worn)
   (You found it in an ice cave)
Jewellery
 d - a ring of fire (right hand)
   (You took it off a nagaraja on level 2 of the Snake Pit)
 p - a +4 ring of evasion (left hand)
   (You found it on level 2 of the Dungeon)
 N - a ring of willpower
   (You found it on level 3 of the Swamp)
 O - an amulet of the acrobat (around neck)
   (You found it on level 8 of the Dungeon)
Wands
 e - a wand of mindburst (20)
   (You took it off Maurice on level 1 of the Orcish Mines)
 i - a wand of polymorph (26)
   (You found it on level 14 of the Dungeon)
 n - a wand of flame (29)
 L - a wand of digging (12)
   (You found it on level 2 of the Swamp)
 S - a wand of roots (10)
 W - a wand of paralysis (19)
   (You found it in an ice cave)
 Z - a wand of quicksilver (3)
Scrolls
 j - a scroll of blinking
 k - a scroll of brand weapon
 m - a scroll of magic mapping
 o - 11 scrolls of vulnerability
 s - 2 scrolls of butterflies
 x - 11 scrolls of teleportation
 y - 6 scrolls of silence
 D - 5 scrolls of fear
 G - 6 scrolls of poison
 M - a scroll of enchant armour
 Q - 5 scrolls of immolation
 X - 5 scrolls of fog
Potions
 c - 6 potions of ambrosia
 f - 2 potions of resistance
 h - 6 potions of haste
 l - 3 potions of cancellation
 z - 2 potions of berserk rage
 F - 10 potions of heal wounds
 H - 5 potions of attraction
 I - 16 potions of curing
 J - 4 potions of might
 K - 5 potions of flight
 R - 2 potions of lignification
 T - 4 potions of magic
 U - 2 potions of invisibility
Miscellaneous
 C - a phantom mirror
   (You found it on level 1 of the Swamp)
 E - a box of beasts
   (You found it on level 14 of the Dungeon)
 P - a condenser vane
   (You found it on level 13 of the Dungeon)


   Skills:
 + Level 9.6 Fighting
 - Level 18.0 Axes
 + Level 12.3 Armour
 + Level 8.0 Dodging
 - Level 2.0 Stealth
 + Level 12.2 Shields
 + Level 18.6 Invocations
 + Level 7.9 Evocations


You had 16 spell levels left.
You didn't know any spells.
Your spell library contained the following spells:

 Spells                   Type           Power      Damage    Failure   Level
 Beastly Appendage        Tmut           0%         N/A       100%        1
 Summon Small Mammal      Summ           0%         N/A       100%        1
 Ensorcelled Hibernation  Hex/Ice        0%         N/A       100%        2
 Passwall                 Tmut/Erth      0%         N/A       100%        2
 Wereblood                Tmut           0%         N/A       100%        2
 Dazzling Flash           Conj/Hex       0%         N/A       100%        3
 Gell's Gravitas          Tloc           0%         N/A       100%        3
 Hailstorm                Conj/Ice       0%         3d3       100%        3
 Lesser Beckoning         Tloc           0%         N/A       100%        3
 Spider Form              Tmut/Pois      0%         N/A       100%        3
 Swiftness                Air            0%         N/A       100%        3
 Teleport Other           Tloc           0%         N/A       100%        3
 Tukima's Dance           Hex            0%         N/A       100%        3
 Anguish                  Hex/Necr       0%         N/A       100%        4
 Ice Form                 Ice/Tmut       0%         N/A       100%        4
 Iskenderun's Mystic Bla  Conj/Tloc      0%         2d3       100%        4
 Manifold Assault         Tloc           0%         N/A       100%        4
 Passage of Golubria      Tloc           0%         N/A       100%        4
 Petrify                  Tmut/Erth      0%         N/A       100%        4
 Summon Lightning Spire   Summ/Air       0%         N/A       100%        4
 Iskenderun's Battlesphe  Conj           0%         2d6       100%        5
 Metabolic Englaciation   Hex/Ice        0%         N/A       100%        5
 Summon Forest            Summ/Tloc      0%         N/A       100%        5
 Summon Mana Viper        Hex/Summ       0%         N/A       100%        5
 Yara's Violent Unravell  Hex/Tmut       0%         3d3       100%        5
 Dispersal                Tloc           0%         N/A       100%        6
 Simulacrum               Ice/Necr       0%         N/A       100%        6
 Starburst                Conj/Fire      0%         6d3       100%        6
 Statue Form              Tmut/Erth      0%         N/A       100%        6
 Summon Cactus Giant      Summ           0%         N/A       100%        6
 Malign Gateway           Summ/Tloc      0%         N/A       100%        7
 Disjunction              Tloc           0%         N/A       100%        8
 Summon Horrible Things   Summ           0%         N/A       100%        8
 Chain Lightning          Conj/Air       0%         N/A       100%        9
 Fire Storm               Conj/Fire      0%         5d1       100%        9
 Shatter                  Erth           0%         3d5*      100%        9


Dungeon Overview and Level Annotations

Branches:
Dungeon (15/15)            Temple (1/1) D:5            Lair (5/5) D:10
  Swamp (4/4) Lair:2        Snake (4/4) Lair:3        Slime (0/5) Lair:5
    Orc (2/2) D:9             Elf (0/3) Orc:2        Vaults (0/5) D:14
 Depths (0/4) D:15          IceCv (visited)

Altars:
Ashenzari
Cheibriados
Dithmenos
Fedhas
Gozag
Hepliaklqana
Kikubaaqudgha
Makhleb
Nemelex Xobeh
Okawaru
Qazlal
Ru
Sif Muna
Trog
Uskayaw
Vehumet
Wu Jian
Xom
Yredelemnul

Shops:
D:1 :   D:6 *   Orc:1 *   Orc:2 *(?   Snake:4 [(:!

Annotations:
D:10 come back with digging
Snake:4 2 transporters tower shield of reflection, experimilk's ghost, adept DrCj


Innate Abilities, Weirdness & Mutations

You have sharp fingernails.
You are mostly covered in molten scales. (AC +3)
Your demonic aura causes all spilled blood to erupt in flames.
You sometimes gain a little power by taking damage.


Message History

Press: ? - help, Dir - move target, p - salamander You escape the anaconda's grasp.
As you read the scroll of blinking, it crumbles to dust.
You hear an angry hiss.
The naga warrior is engulfed in blazing flames.
You hear an angry hiss. x4
There is an open door here.
You hear an angry hiss. x3
The salamander throws a poisoned dart.
The poisoned dart completely misses you.
Aiming: Upheaval
Press: ? - help, Dir - move target, f - salamander
Aim: a salamander, wielding a +2 short sword of holy wrath and quivering poisoned darts (severely wounded, strong)
A storm cloud blasts the area with cutting wind!
The cutting wind hits the salamander!!
You kill the salamander!
Qazlal accepts your kill.
You hear an angry hiss. x2
The anaconda grabs you. You block the anaconda's attack.
The anaconda constricts you.
* * * LOW HITPOINT WARNING * * *
Your phantom mirror has recharged.
You miss the anaconda.
The anaconda is heavily wounded.
You hear an angry hiss. x3
The anaconda bites you!
* * * LOW HITPOINT WARNING * * *
The anaconda constricts you.
The anaconda bites you but does no damage.
The anaconda constricts you.
Unknown command.
You open the anaconda like a pillowcase!!!
You kill the anaconda!
Qazlal accepts your kill.
You hear an angry hiss.
The guardian serpent coils itself and waves its upper body at you.
The bolt of poison hits the naga warrior.
The bolt of poison hits you!!
You are poisoned.
You die...

#.#...##...##..§§§§§≈≈≈≈≈§≈..#
#.#...#...##...§≈≈§§≈≈§§§≈§...
#.#......##..§§≈≈########§§≈..
#)##...###..≈§≈###......###§§≈
#.#....##§.§≈≈##..........##§§
#.....##..≈§≈##............##§
######.###..≈≈§##.°..######....##
#......##..≈§≈##..§### ###...#
#..)####..≈≈≈##§@.## ##...
...)...#..≈≈§#.○§## ##..
.#####.#'#####'§.# #.. .#
#...##.).#'## ### ## #####....N##
# #.....S.# # #......)SN§§§§§
#.......#.≈≈≈≈≈ ##.....##S§§§≈≈


You could see a naga warrior and a guardian serpent.

Vanquished Creatures
  Nikola (Swamp:1)
  4 thorn hunters
  3 nagarajas
  An ironbound preserver (D:14)
  A reaper (IceCv)
  2 vampire knights (Swamp:3)
  Nessos (Lair:5)
  2 dire elephants (Lair:5)
  6 bunyips
  3 eleionomae
  Azrael (D:13)
  An ettin (D:15)
  Snorg (D:13)
  Josephine (D:11)
  A shambling mangrove (Swamp:4)
  5 salamander tyrants
  Harold (Orc:1)
  3 ghost crabs
  Erica (Orc:1)
  12 hydras
  4 boulder beetles
  The ghost of freelancePsychic the Slicer, a journeyman VSEE of Hepliaklqana (Lair:2)
  9 anacondas
  A catoblepas (Lair:5)
  2 death yaks (Lair:5)
  6 centaur warriors
  4 two-headed ogres
  16 alligators
  7 naga warriors
  8 naga sharpshooters
  6 shock serpents
  2 orc high priests (Orc:2)
  Sonja (D:11)
  A hell knight (D:15)
  Nergalle (D:12)
  A fire crab (shapeshifter) (D:14)
  6 goliath frogs
  7 salamander mystics
  A spectral anaconda (Lair:5)
  6 swamp dragons
  2 deep trolls (D:15)
  7 spriggan druids
  6 naga ritualists
  An obsidian statue (Lair:5)
  4 bog bodies
  2 flayed ghosts (Swamp:4)
  4 spectral hydras (Swamp:4)
  3 lindwurms (Snake:4)
  A phantasmal warrior (Swamp:4)
  A wizard (D:15)
  Pikel (D:7)
  3 deep elf pyromancers
  4 necromancers
  4 orc sorcerers (Orc:2)
  10 mana vipers
  19 salamanders
  5 will-o-the-wisps
  19 ugly things
  3 oklob plants (Swamp:4)
  7 cyclopes
  2 manticores (D:11)
  16 elephants
  An ice statue (IceCv)
  Maurice (Orc:1)
  4 naga magi
  5 guardian serpents (Snake:4)
  28 black mambas
  3 gargoyles
  2 torpor snails
  8 cane toads
  An unseen horror (D:13)
  A komodo dragon (shapeshifter) (D:14)
  7 komodo dragons
  2 rime drakes
  A rime drake (shapeshifter) (D:14)
  2 tengu conjurers (D:15)
  A dire elephant skeleton (Lair:5)
  2 ice devils (D:12)
  2 kobold demonologists
  A meliai (D:14)
  A death drake zombie (Swamp:4)
  4 hydra zombies (Swamp:4)
  6 tyrant leeches
  4 trolls
  A bloated husk (Swamp:4)
  2 polar bears (Lair:4)
  A hydra skeleton (Swamp:4)
  7 hornets
  9 slime creatures
  16 blink frogs
  6 dream sheep
  A spectral elephant (Lair:5)
  5 wyverns
  8 spriggans
  8 wraiths
  4 shadows
  2 vampires
  38 yaks
  2 dire elephant simulacra (IceCv)
  5 basilisks
  3 fire elementals (D:13)
  3 death yak simulacra
  23 nagas
  Menkaure (D:7)
  27 vampire mosquitoes
  3 harpy simulacra (IceCv)
  17 swamp worms
  2 acid dragons
  3 hydra simulacra
  23 water moccasins
  5 hell hounds (D:13)
  Duvessa (D:6)
  5 swamp drakes
  2 black bears (D:10)
  2 ice beasts (D:7)
  21 orc warriors
  A swamp dragon zombie (Swamp:4)
  10 ogres
  6 wolves (Lair:3)
  9 centaurs
  2 elephant skeletons (Lair:5)
  2 swamp dragon skeletons (Swamp:4)
  2 lemures (D:7)
  A phantom (D:7)
  5 kobold brigands
  9 bullfrogs
  7 scorpions
  A necrophage (D:6)
  3 two-headed ogre simulacra (IceCv)
  4 cane toad simulacra
  A hornet simulacrum (D:14)
  Dowan (D:6)
  5 killer bees (D:9)
  3 elephant simulacra
  4 howler monkeys
  5 electric eels
  A crimson imp (D:7)
  A gnoll bouda (Orc:1)
  8 hounds
  19 orc priests
  3 jellies
  4 iguanas
  Natasha (thrice) (D:2)
  39 orc wizards
  5 troll simulacra (IceCv)
  10 hell rats
  2 polar bear simulacra (IceCv)
  6 spriggan simulacra (IceCv)
  3 wolf simulacra (IceCv)
  5 adders
  8 gnolls
  4 naga simulacra (IceCv)
  A shadow imp (D:7)
  6 white imps
  12 ufetubi
  A worm (D:3)
  3 dart slugs
  53 orcs
  9 ball pythons
  8 endoplasms
  4 giant cockroaches
  6 goblins
  7 hobgoblins
  4 jackals (D:1)
  31 kobolds
  6 quokkas
  6 bats
  2 frilled lizards
  7 rats
  6 briar patches (Swamp:4)
  16 foxfires
  49 fungi
  78 plants
  26 withered plants (Lair:5)
1151 creatures vanquished.

Notes
Turn   | Place    | Note
-------+----------+-------------------------------------------
     0 | D:1      | jfcaron the Demonspawn Monk began the quest for the Orb.
     0 | D:1      | Reached XP level 1. HP: 18/18 MP: 1/1
    76 | D:1      | Found Woagim's Book Shoppe.
   101 | D:1      | Found a faded altar of an unknown god.
   105 | D:1      | Gained mutation: You are partially covered in molten
                  | scales. (AC +2) [demonic ancestry]
   105 | D:1      | Reached XP level 2. HP: 21/24 MP: 2/2
   253 | D:1      | Reached skill level 1 in Armour
   421 | D:1      | Reached XP level 3. HP: 29/29 MP: 3/3
   499 | D:1      | You fall into a shaft and drop 1 floor!
   917 | D:2      | Noticed Natasha
   923 | D:2      | Killed Natasha
   924 | D:2      | Reached XP level 4. HP: 31/35 MP: 4/4
  1181 | D:2      | Noticed Natasha
  1199 | D:2      | Killed Natasha
  1228 | D:2      | Noticed Natasha
  1241 | D:2      | Killed Natasha
  1473 | D:3      | Identified the +1 trident "Beetlebane" {venom, rN+ Dex+3
                  | Stlth+}
  1504 | D:3      | Reached XP level 5. HP: 41/41 MP: 5/5
  1870 | D:3      | Found an opulent altar of Gozag.
  2438 | D:4      | Identified the +3 dagger "Mostrus" {heavy, Drain Int+7
                  | Dex+3}
  2476 | D:4      | Reached skill level 1 in Shields
  2476 | D:4      | Gained mutation: Your demonic aura sometimes causes spilled
                  | blood to erupt in flames. [demonic ancestry]
  2476 | D:4      | Reached XP level 6. HP: 44/48 MP: 6/6
  3202 | D:4      | Gained mutation: You have sharp fingernails. [demonic
                  | ancestry]
  3202 | D:4      | Reached XP level 7. HP: 53/55 MP: 7/7
  3516 | D:4      | Reached skill level 5 in Axes
  3659 | D:5      | Entered Level 5 of the Dungeon
  4056 | D:5      | Reached XP level 8. HP: 59/61 MP: 8/8
  4230 | D:5      | Reached skill level 5 in Fighting
  4244 | D:5      | Reached skill level 5 in Armour
  4405 | D:5      | Found a hide-covered altar of Uskayaw.
  4494 | D:5      | Found a staircase to the Ecumenical Temple.
  4503 | Temple   | Entered the Ecumenical Temple
  4854 | D:5      | Found a stormy altar of Qazlal.
  4862 | D:5      | Became a worshipper of Qazlal Stormbringer
  4862 | D:5      | Reached * piety under Qazlal
  4862 | D:5      | Reached ** piety under Qazlal
  5114 | D:6      | Found Acliohau's Elemental Accessories.
  5115 | D:6      | Noticed Dowan
  5115 | D:6      | Noticed Duvessa
  5125 | D:6      | Killed Duvessa
  5126 | D:6      | Reached skill level 1 in Invocations
  5136 | D:6      | Killed Dowan
  5155 | D:6      | Identified the +2 pair of boots of Asceticism {*Corrode rC+
                  | rN+}
  5302 | D:6      | Found a shadowy altar of Dithmenos.
  5413 | D:6      | Found a sacrificial altar of Ru.
  5674 | D:7      | Identified a scroll of acquirement
  5674 | D:7      | Acquired the +3 Mad Mage's Maulers {Infuse+∞ VampMP -Cast}
  5674 | D:7      | Found the +3 Mad Mage's Maulers {Infuse+∞ VampMP -Cast}
  5700 | D:7      | Reached XP level 9. HP: 64/68 MP: 1/11
  5764 | D:7      | Noticed Pikel
  5774 | D:7      | Killed Pikel
  6357 | D:7      | Noticed Menkaure
  6364 | D:7      | Killed Menkaure
  6442 | D:7      | Acquired a +2 heavy broad axe
  6553 | D:7      | Found a radiant altar of Vehumet.
  6554 | D:7      | Found a burning altar of Makhleb.
  6996 | D:8      | Reached skill level 5 in Invocations
  7283 | D:8      | Reached XP level 10. HP: 74/74 MP: 3/13
  7403 | D:8      | Reached *** piety under Qazlal
  7993 | D:9      | Got the Grimoire of the Creative Impact
  8103 | D:9      | Found a staircase to the Orcish Mines.
  8356 | D:9      | Noticed a two-headed ogre
  8372 | D:9      | Killed a two-headed ogre
  8373 | D:9      | Reached skill level 5 in Shields
  9180 | D:10     | Entered Level 10 of the Dungeon
  9589 | D:10     | Noticed a cyclops
  9589 | D:10     | Noticed a cyclops
  9589 | D:10     | Noticed a deep elf pyromancer
  9591 | D:10     | Noticed a deep elf pyromancer
  9591 | D:10     | Noticed a death knight
  9591 | D:10     | Noticed a centaur warrior
  9609 | D:10     | Noticed a boulder beetle
  9610 | D:10     | Noticed a manticore
  9619 | D:10     | Reached **** piety under Qazlal
  9621 | D:10     | Noticed a boulder beetle
  9677 | D:10     | Noticed a smoke demon
  9681 | D:10     | Gained mutation: You sometimes gain a little power by
                  | taking damage. [demonic ancestry]
  9681 | D:10     | Reached XP level 11. HP: 79/79 MP: 10/16
 10044 | D:10     | Found a staircase to the Lair.
 10289 | D:10     | Found a blossoming altar of Fedhas.
 10599 | D:11     | Reached skill level 10 in Axes
 10716 | D:11     | Noticed a boulder beetle
 10722 | D:11     | Killed a boulder beetle
 10896 | D:11     | Noticed a two-headed ogre
 10901 | D:11     | Killed a two-headed ogre
 10917 | D:11     | Noticed Sonja
 10920 | D:11     | Killed Sonja
 10985 | D:11     | Reached skill level 10 in Armour
 11356 | D:11     | Noticed Josephine
 11360 | D:11     | Killed Josephine
 11553 | D:11     | Identified the +9 trident "Zokhliec" {heavy, rN++ Will+
                  | Str+2 Int-3}
 11587 | D:11     | Found a shimmering altar of Xom.
 11589 | D:11     | Found a snail-covered altar of Cheibriados.
 11589 | D:11     | Found an iron altar of Okawaru.
 11591 | D:11     | Found a bloodstained altar of Trog.
 11591 | D:11     | Found an ancient bone altar of Kikubaaqudgha.
 11591 | D:11     | Found a shimmering altar of Xom.
 12392 | D:12     | Noticed a red ugly thing
 12396 | D:12     | Killed a red ugly thing
 12408 | D:12     | Reached XP level 12. HP: 57/86 MP: 2/18
 12428 | D:12     | Found a frozen archway.
 12446 | IceCv    | Entered an ice cave
 13764 | IceCv    | Noticed a reaper
 13765 | IceCv    | Reached ***** piety under Qazlal
 13770 | IceCv    | Killed a reaper
 14094 | IceCv    | Reached skill level 10 in Invocations
 14384 | D:12     | Acquired 784 gold pieces
 14498 | D:12     | Noticed a two-headed ogre
 14505 | D:12     | Killed a two-headed ogre
 14769 | D:12     | Noticed Nergalle
 14776 | D:12     | Killed Nergalle
 15616 | D:13     | Noticed Snorg
 15626 | D:13     | Killed Snorg
 15631 | D:13     | HP: 15/86 [shadow (6)]
 16468 | D:13     | Noticed Azrael
 16471 | D:13     | Noticed a two-headed ogre
 16683 | D:13     | Killed Azrael
 16795 | D:13     | Killed a two-headed ogre
 17226 | D:14     | Noticed a boulder beetle
 17228 | D:14     | Killed a boulder beetle
 17229 | D:14     | Reached XP level 13. HP: 85/91 MP: 9/21
 18036 | D:14     | Noticed an ironbound preserver
 18041 | D:14     | Killed an ironbound preserver
 18203 | D:14     | Found a gate to the Vaults.
 19186 | D:14     | Reached skill level 10 in Shields
 19580 | D:15     | Entered Level 15 of the Dungeon
 19870 | D:15     | Noticed an ettin
 19874 | D:15     | Killed an ettin
 19889 | D:15     | Gained mutation: Your demonic aura often causes spilled
                  | blood to erupt in flames. [demonic ancestry]
 19889 | D:15     | Reached XP level 14. HP: 86/98 MP: 1/24
 19908 | D:15     | Reached skill level 15 in Axes
 20015 | D:15     | Found a staircase to the Depths.
 21107 | Orc:1    | Entered Level 1 of the Orcish Mines
 21107 | Orc:1    | Noticed Harold
 21110 | Orc:1    | Noticed Maurice
 21113 | Orc:1    | Noticed Erica
 21117 | Orc:1    | Killed Maurice
 21119 | Orc:1    | Killed Harold
 21121 | Orc:1    | Killed Erica
 21284 | Orc:1    | Found Pumnoann's Assorted Antiques.
 21295 | Orc:1    | Bought a scroll labelled ILOQOET MOFA for 24 gold pieces
 21861 | Orc:1    | Bought a scroll of identify for 48 gold pieces
 21861 | Orc:1    | Bought 3 potions of curing for 216 gold pieces
 21861 | Orc:1    | Bought a potion of curing for 72 gold pieces
 21861 | Orc:1    | Bought a silver ring for 120 gold pieces
 22101 | Lair:1   | Entered Level 1 of the Lair of Beasts
 22267 | Orc:2    | Entered Level 2 of the Orcish Mines
 22275 | Orc:2    | Found a staircase to the Elven Halls.
 22293 | Orc:2    | Reached ****** piety under Qazlal
 22303 | Orc:2    | HP: 15/98 [orc sorcerer/bolt of fire (24)]
 22542 | Orc:2    | Paralysed by an orc sorcerer for 3 turns
 22738 | Orc:2    | Reached skill level 15 in Invocations
 23989 | Orc:2    | Found Jodghoefi's Antique Weapon Shop.
 23989 | Orc:2    | Found Farraup's Assorted Antiques.
 23990 | Orc:2    | Found Qaaza's General Store.
 23994 | Orc:2    | Found Mioj's Magic Scroll Shop.
 23998 | Orc:2    | Bought a scroll of enchant weapon for 112 gold pieces
 23998 | Orc:2    | Bought a scroll of fog for 60 gold pieces
 23998 | Orc:2    | Bought a scroll of teleportation for 45 gold pieces
 23998 | Orc:2    | Bought a scroll of teleportation for 45 gold pieces
 23999 | Orc:2    | Bought a scroll of teleportation for 36 gold pieces
 23999 | Orc:2    | Bought a scroll of teleportation for 36 gold pieces
 24280 | Orc:2    | Bought a scroll of identify for 30 gold pieces
 26120 | Lair:2   | Found a staircase to the Swamp.
 26345 | Lair:2   | Found a hazy altar of Hepliaklqana.
 26479 | Lair:2   | Found a runed translucent gate.
 26480 | Lair:2   | Noticed freelancePsychic's ghost (journeyman VSEE)
 26511 | Lair:2   | Found a runed translucent gate.
 26512 | Lair:2   | Found a runed translucent gate.
 27257 | Lair:2   | Killed freelancePsychic's ghost
 27423 | Lair:3   | Gained mutation: You are mostly covered in molten scales.
                  | (AC +3) [demonic ancestry]
 27423 | Lair:3   | Reached XP level 15. HP: 103/103 MP: 4/26
 27524 | Lair:3   | Found a staircase to the Snake Pit.
 30374 | Lair:5   | Entered Level 5 of the Lair of Beasts
 30374 | Lair:5   | Found a staircase to the Slime Pits.
 31446 | Lair:5   | Noticed Nessos
 31459 | Lair:5   | Killed Nessos
 33009 | Lair:5   | Reached skill level 1 in Evocations
 34094 | Swamp:1  | Entered Level 1 of the Swamp
 34110 | Lair:2   | HP: 20/104 [poisoned by a spriggan rider]
 34574 | Swamp:1  | HP: 20/105 [alligator[a spriggan druid] (16)]
 35218 | Swamp:1  | Noticed Nikola
 35224 | Swamp:1  | Killed Nikola
 36150 | Swamp:2  | Reached XP level 16. HP: 104/112 MP: 3/28
 37947 | Swamp:3  | Reached skill level 5 in Dodging
 39036 | Swamp:3  | Noticed a thorn hunter
 39040 | Swamp:3  | Killed a thorn hunter
 39649 | Swamp:4  | Entered Level 4 of the Swamp
 39951 | Swamp:4  | Noticed a thorn hunter
 39958 | Swamp:4  | Killed a thorn hunter
 39982 | Swamp:4  | Reached skill level 5 in Evocations
 39986 | Swamp:4  | HP: 7/115 [something (27)]
 41688 | Swamp:4  | Noticed a thorn hunter
 41692 | Swamp:4  | Noticed a thorn hunter
 41695 | Swamp:4  | Killed a thorn hunter
 41712 | Swamp:4  | Killed a thorn hunter
 42099 | Swamp:4  | Found a basalt altar of Yredelemnul.
 42119 | Swamp:4  | Got a decaying rune of Zot
 42143 | Swamp:4  | Found a blossoming altar of Fedhas.
 42272 | Swamp:4  | HP: 21/117 [oklob plant/splash of acid (13)]
 42732 | Snake:1  | Entered Level 1 of the Snake Pit
 42948 | Snake:1  | You fall into a shaft and drop 1 floor!
 43547 | Snake:1  | Gained mutation: Your demonic aura causes all spilled blood
                  | to erupt in flames. [demonic ancestry]
 43547 | Snake:1  | Reached XP level 17. HP: 122/122 MP: 4/29
 43948 | Snake:1  | Identified the +3 leather armour of the Five Knives {rPois
                  | Dex+6}
 44010 | Snake:1  | Identified the +0 scale mail of the Sky {+Inv rN++ Dex-5}
 47872 | Snake:4  | Entered Level 4 of the Snake Pit
 48056 | Snake:4  | Found Xalipum's Distillery.
 48604 | Snake:4  | Found Cusiuc's Book Boutique.
 48604 | Snake:4  | Found Riolec's Antique Weapon Shop.
 48609 | Snake:4  | Bought a potion of heal wounds for 100 gold pieces
 48609 | Snake:4  | Found Howuef's Armour Shop.
 48642 | Snake:4  | Found a transporter.
 48652 | Snake:4  | Found a bloodstained altar of Trog.
 48652 | Snake:4  | Noticed experimilk's ghost (adept DrCj)
 48660 | Snake:4  | Found a transporter.
 49934 | Snake:4  | HP: 23/126 [salamander/+2 short sword of holy wrath (6)]
 49939 | Snake:4  | HP: 23/126 [constriction (2)]
 49941 | Snake:4  | Killed from afar by a guardian serpent

Illustrated notes

Levels and vault maps discovered:
D:1:      heliophobic_arrival_henge, layout_rooms,
          dreamdust_ecumenical_altar_angels_and_demons, serial_shops, shop,
          st_stairs_7
D:2:      layout_loops_ring, uniq_natasha
D:3:      layout_loops_cross, nicolae_gozag_seed_capital,
          kennysheep_another_room, minmay_misc_feat_rugged
D:4:      minmay_thinvault, layout_gridville
D:5:      layout_rooms, nicolae_uskayaw_suspiria, overflow_temple_1_default,
          minmay_temple_entry_glass, serial_curves, eino_curves_03,
          eino_curves_01, st_stairs_6
D:6:      layout_basic, overflow_temple_1_default,
          nicolae_dithmenos_the_darkroom, nicolae_elemental_shop, uniq_duvessa
D:7:      layout_cave_pools, grunt_temple_overflow_lords_of_destruction,
          nicolae_hexahallways, st_stairs_4, uniq_pikel, uniq_menkaure
D:8:      layout_basic
D:9:      layout_irregular_city, david_orc_2
D:10:     layout_gridville, fedhas_bush_and_centaur_altar,
          due_lair_maze_entry_diamond, minivault_12
D:11:     layout_layer_cave, doesnt_xom_only_xom, uniq_josephine, uniq_sonja
D:12:     layout_basic, portal_ice_cave_demonic_guard, uniq_nergalle
D:13:     layout_long_grid, uniq_azrael, uniq_snorg
D:14:     layout_gridville, skrybe_vaults_entry_preservation,
          kennysheep_big_empty_room
D:15:     hangedman_depths_entry_civil_slaughter, layout_loops_ring,
          minmay_misc_feat_square
Temple:   dpeg_chambers_temple
Lair:1:   layout_long_grid, serial_bayou_pond_d, serial_bayou_pond_c,
          grunt_megastairs_5
Lair:2:   layout_regular_city, minmay_swamp_entry_worms,
          ebering_ghost_rock_garden, basic_altar, serial_bayou_shore_a
Lair:3:   layout_gridlike, guppyfry_snake_entry_garden,
          chequers_serial_rivers_small_b
Lair:4:   layout_regular_city
Lair:5:   due_jungle_book, layout_regular_city, slime_entry_1,
          lemuel_fruit_tree, uniq_nessos
Swamp:1:  layout_falls_marsh, nicolae_swamp_triple_paths, swamp_pool3,
          nicolae_swamp_alligator_family, infiniplex_staircase_pool, uniq_nikola
Swamp:2:  layout_basic_swamp, evilmike_swamp_ruin_rubble_1, swamp_pool4
Swamp:3:  layout_basic_swamp, evilmike_swamp_ruin_house_1,
          nicolae_swamp_soggy_hallways
Swamp:4:  byrel_swamp_growth_death_and_undeath, layout_basic_swamp
Snake:1:  layout_cave_pods, st_stairs_12
Snake:2:  layout_onion_interference, nicolae_snake_boneroom
Snake:3:  layout_rooms, nicolae_integral_box
Snake:4:  snake_pit_salamanders_mu, layout_misc_corridors,
          gammafunk_ghost_wrathful_warriors, minmay_shoptagon
Orc:1:    layout_caves, serial_shops, shop_statue, uniq_harold, uniq_maurice,
          uniq_erica
Orc:2:    st_orc_mages, layout_caves, special_room, abandoned_shop

Skill      XL: |  1  2  3  4  5  6  7  8  9 10 11 12 13 14 15 16 17 |
---------------+----------------------------------------------------+-----
Stealth        | 2 |  2.0
Axes           | 3 4 5 6 8 9 11 13 14 16 18 | 18.0
Armour         | 1 2 3 4 6 7 9 10 11 12 | 12.3
Dodging        | 3 4 6 8 |  8.0
Shields        | 1 2 3 4 5 7 8 10 11 12 | 12.2
Fighting       | 4 5 6 8 9 |  9.6
Invocations    | 2 5 7 9 11 13 15 16 17 18 | 18.6
Evocations     | 3 5 7 |  7.9

Action                   |  1- 3 |  4- 6 |  7- 9 | 10-12 | 13-15 | 16-18 || total
-------------------------+-------+-------+-------+-------+-------+-------++-------
Melee: Hand axe          |   110 |   146 |   170 |       |       |       ||   426
       Punch             |     2 |     1 |       |       |       |       ||     3
       War axe           |       |       |   106 |       |       |       ||   106
       Broad axe         |       |       |    13 |   303 |   576 |   473 ||  1365
       Eveningstar       |       |       |       |       |     3 |    18 ||    21
Throw: Stone             |     7 |    26 |    46 |    61 |    95 |    72 ||   307
       Boomerang         |    58 |    47 |    78 |    64 |    78 |   218 ||   543
       Throwing net      |       |       |     1 |       |       |     1 ||     2
       Dart              |       |       |     3 |       |    27 |    37 ||    67
Invok: Upheaval          |       |       |       |     3 |       |     6 ||     9
       Elemental Force   |       |       |       |       |     1 |       ||     1
Evoke: Wand              |       |       |       |       |     9 |     2 ||    11
       Condenser vane    |       |       |       |       |     2 |     1 ||     3
       Phantom mirror    |       |       |       |       |       |     2 ||     2
       Box of beasts     |       |       |       |       |       |     1 ||     1
  Use: Scroll            |       |    10 |     6 |     8 |    12 |     2 ||    38
       Potion            |       |       |       |     1 |       |     1 ||     2
 Stab: Confused          |       |       |       |       |     5 |       ||     5
       Paralysed         |       |       |       |       |     2 |       ||     2
       Distracted        |       |       |       |       |       |     1 ||     1
       Held in net/web   |       |       |       |       |       |     1 ||     1
Armor: Robe              |     1 |       |       |       |       |       ||     1
       Chain mail        |   103 |    66 |   137 |   123 |    73 |       ||   502
       Skin              |       |       |       |    21 |       |       ||    21
       Plate armour      |       |       |       |       |   151 |   241 ||   392
Dodge: Dodged            |    46 |    92 |   130 |   152 |   178 |   211 ||   809
       Repelled          |       |       |       |     6 |     7 |    25 ||    38
Block: Kite shield       |       |    38 |   142 |   294 |   536 |   600 ||  1610
       Buckler           |       |       |       |    18 |       |       ||    18

Table legend: (Time is in decaauts)
 A = Elapsed time spent in this place.
 B = Non-inter-level travel time spent in this place.
 C = Inter-level travel time spent in this place.
 D = Time resting spent in this place.
 E = Time spent auto-exploring this place.
 F = Levels seen in this place.
 G = Mean time per level.
                   A        B        C        D        E       F      G
               +--------+--------+--------+--------+--------+-----+--------+
         Total |  51228 |  47534 |   3694 |   9189 |  32020 |  32 | 1600.9 |
       Dungeon |  20453 |  18671 |   1782 |   1695 |  14043 |  15 | 1363.5 |
        Temple |    226 |    204 |     22 |      0 |    191 |   1 |  226.0 |
          Lair |  10911 |   9974 |    937 |   1249 |   7979 |   5 | 2182.2 |
         Swamp |   7769 |   7374 |    395 |   2760 |   3742 |   4 | 1942.2 |
     Snake Pit |   7005 |   6589 |    416 |   2551 |   3069 |   4 | 1751.2 |
  Orcish Mines |   2891 |   2751 |    140 |    495 |   1902 |   2 | 1445.5 |
      Ice Cave |   1969 |   1969 |      0 |    438 |   1094 |   1 | 1969.0 |
               +--------+--------+--------+--------+--------+-----+--------+

Top non-repeatable levels by time:
  Lair:5: 3298 daAuts
    D:14: 2761 daAuts
  Lair:2: 2491 daAuts
 Swamp:3: 2260 daAuts
 Swamp:4: 2110 daAuts
    D:11: 2106 daAuts
   IceCv: 1969 daAuts
 Snake:4: 1922 daAuts
  Lair:1: 1909 daAuts
 Snake:3: 1907 daAuts
    D:13: 1848 daAuts
 Snake:2: 1832 daAuts
  Lair:3: 1804 daAuts
     D:4: 1769 daAuts
 Swamp:2: 1753 daAuts

Table legend:
 A = Kills in this place as a percentage of kills in entire the game.
 B = Kills by you in this place as a percentage of kills by you in the entire game.
 C = Kills by friends in this place as a percentage of kills by friends in the entire game.
 D = Other kills in this place as a percentage of other kills in the entire game.
 E = Experience gained in this place as a percentage of experience gained in the entire game.
 F = Experience gained in this place divided by the number of levels of this place that you have seen.
                   A       B       C       D       E      F
               +-------+-------+-------+-------+-------+----------------------
         Total | 100.0 | 100.0 | 100.0 | 100.0 | 100.0 | 9054.0
       Dungeon |  37.7 |  38.4 |   0.0 |   0.0 |  23.5 | 4542.3
          Lair |  16.7 |  17.0 |   0.0 |   0.0 |  16.4 | 9522.0
         Swamp |  14.1 |  13.9 |  18.2 |  33.3 |  27.3 | 19759.0
     Snake Pit |  14.1 |  14.3 |   9.1 |   0.0 |  27.0 | 19548.2
  Orcish Mines |  12.2 |  11.1 |  72.7 |  66.7 |   4.4 | 6351.5
      Ice Cave |   5.3 |   5.3 |   0.0 |   0.0 |   1.4 | 4051.0
               +-------+-------+-------+-------+-------+----------------------
